 Dungeon Crawl Stone Soup version 0.30.1-3-gfc49f6343a (webtiles) character file.

Game seed: 13122000422527941821

160 ChrisAssaf the Ducker (level 5, -2/47 HPs)
             Began as a Gnoll Monk on July 19, 2023.
             Killed from afar by Blork the orc (9 damage)
             ... with a magic dart
             ... on level 3 of the Dungeon.
             The game lasted 00:05:08 (1222 turns).

ChrisAssaf the Ducker (Gnoll Monk)                  Turns: 1222, Time: 00:05:09

Health: -2/47      AC:  2    Str: 10    XL:     5   Next: 41%
Magic:  3/7        EV: 15    Int: 12    God:
Gold:   72         SH:  0    Dex: 14    Spells: 5/7 levels left

rFire   . . .        a - +0 hand axe
rCold   . . .        d - orb {light}
rNeg    . . .        b - +0 robe
rPois   .            (no helmet)
rElec   .            (no cloak)
rCorr   .            (no gloves)
SInv    .            (no boots)
Will    .....        (no amulet)
Stlth   +            (no ring)
HPRegen 0.27/turn    (no ring)
MPRegen 0.10/turn

%: no passive effects
@: glowing
A: fangs 1, strong nose, distributed training
a: no special abilities


You were on level 3 of the Dungeon.
You visited 1 branch of the dungeon, and saw 4 of its levels.

You collected 72 gold pieces.

Inventory:

Hand Weapons
 a - a +0 hand axe (weapon)
Armour
 b - a +0 robe (worn)
 d - an orb of light (worn)
Wands
 c - a wand of digging (7)
Scrolls
 f - a scroll of noise
 k - a scroll of magic mapping


   Skills:
 + Level 6.7 Fighting
 + Level 1.5 Short Blades
 + Level 1.5 Long Blades
 + Level 6.7 Axes
 + Level 1.5 Maces & Flails
 + Level 1.5 Polearms
 + Level 1.5 Staves
 + Level 1.5 Ranged Weapons
 + Level 1.5 Throwing
 + Level 1.5 Armour
 + Level 6.7 Dodging
 + Level 1.5 Stealth
 + Level 1.5 Shields
 + Level 1.5 Unarmed Combat
 + Level 1.5 Spellcasting
 + Level 1.2 Conjurations
 + Level 1.2 Hexes
 + Level 1.2 Summonings
 + Level 1.2 Necromancy
 + Level 1.2 Translocations
 + Level 1.2 Transmutations
 + Level 1.2 Fire Magic
 + Level 1.2 Ice Magic
 + Level 1.2 Air Magic
 + Level 1.2 Earth Magic
 + Level 1.2 Poison Magic
 + Level 1.7 Invocations
 + Level 1.5 Evocations


You had 5 spell levels left.
You knew the following spells:

 Your Spells              Type           Power      Damage    Failure   Level
a - Poisonous Vapours     Pois/Air       6%         N/A       26%         2

Your spell library contained the following spells:

 Spells                   Type           Power      Damage    Failure   Level
 Sting                    Tmut/Pois      12%        1d3       17%         1
 Summon Guardian Golem    Hex/Summ       3%         N/A       45%         3
 Olgreb's Toxic Radiance  Pois           3%         N/A       86%         4
 Orb of Destruction       Conj           1%         9d5       100%        7
 Spellforged Servitor     Conj/Summ      1%         N/A       100%        7


Dungeon Overview and Level Annotations

Branches:
Dungeon (4/15)
 Temple: D:4-7

Altars:

Annotations:
D:3 3 runed translucent doors, Blork the orc; rozman's ghost, weakling DsHW


Innate Abilities, Weirdness & Mutations

You have very sharp teeth.
Your uncanny sense of smell can sniff out nearby items.
Your experience applies equally to all skills.


Message History

You hit the iguana.
The iguana is moderately wounded.
The iguana bites you!
Blork the orc looks angry.
Unknown command.
You hit the iguana but do no damage.
The iguana is moderately wounded.
The iguana closely misses you.
You slash the iguana!
The iguana is severely wounded.
The iguana bites you but does no damage.
You hit the iguana.
You kill the iguana!
You have reached level 5!
Aiming: Poisonous Vapours (dangerous; 26% risk of failure)
Press: ? - help, Q - select action Dir - move target, f - iguana
Aim: an iguana (severely wounded, haloed) Poisonous vapours surround the iguana!
The iguana is poisoned.
The iguana barely misses you.
Unknown command.
You slash the iguana!
You kill the iguana!
Blork the orc hits you with a +0 broad axe.
You aren't carrying any potions.
Unknown command.
Okay, then.
You open the door.
Blork the orc hits you with a +0 broad axe!
* * * LOW HITPOINT WARNING * * *
Found a silvery potion.
Blork the orc miscasts a cantrip.
There is an open door here.
Blork the orc casts a spell at you. The puff of frost misses you.
Blork the orc casts a spell at you. The magic dart hits you.
* * * LOW HITPOINT WARNING * * *
Blork the orc points at you and mumbles some strange words.
The magic dart hits you!
You die...

#.# #...##.#.....#######.#.#
#. #.# #...##.##....# #....###
#. #.# #.#........#.# #.....)#
#. #.# #...##.[.....# #....#.#
#. #.# ##########.###
####.#.###. #.## ##+# #.......
#..# ##...## ###.#### ##.###
##..!..## ### #.# #.#.##
#.....@.## ##.###.#
##....####.........####...##.#
.........+.........oO†.....#.#
###...####.........####......#
#.## ##.......## #...>...# .#
##.....## ##.O>..## .# ##...##
##...## .# ##+# ##.## #.#


You could see Blork the orc (fast) and an ogre.

Vanquished Creatures
  Ijyb (D:3)
  2 iguanas (D:3)
  4 adders
  An orc (D:3)
  A ball python (D:3)
  5 endoplasms
  2 giant cockroaches
  5 hobgoblins
  7 jackals (D:3)
  3 quokkas
  3 frilled lizards
  4 goblins
  3 kobolds
  3 rats
44 creatures vanquished.

Notes
Turn   | Place    | Note
-------+----------+-------------------------------------------
     0 | D:1      | ChrisAssaf the Gnoll Monk began the quest for the Orb.
     0 | D:1      | Reached XP level 1. HP: 23/23 MP: 1/1
   194 | D:1      | Reached XP level 2. HP: 15/29 MP: 2/2
   405 | D:2      | Reached XP level 3. HP: 31/35 MP: 3/3
   417 | D:2      | Reached skill level 1 in Invocations
   588 | D:3      | Reached skill level 1 in Short Blades
   588 | D:3      | Reached skill level 1 in Long Blades
   588 | D:3      | Reached skill level 1 in Maces & Flails
   588 | D:3      | Reached skill level 1 in Polearms
   588 | D:3      | Reached skill level 1 in Staves
   588 | D:3      | Reached skill level 1 in Ranged Weapons
   588 | D:3      | Reached skill level 1 in Throwing
   588 | D:3      | Reached skill level 1 in Armour
   588 | D:3      | Reached skill level 1 in Stealth
   588 | D:3      | Reached skill level 1 in Shields
   588 | D:3      | Reached skill level 1 in Unarmed Combat
   588 | D:3      | Reached skill level 1 in Spellcasting
   588 | D:3      | Reached skill level 1 in Evocations
   656 | D:3      | Noticed Ijyb
   704 | D:3      | Killed Ijyb
   705 | D:3      | Reached skill level 1 in Conjurations
   705 | D:3      | Reached skill level 1 in Hexes
   705 | D:3      | Reached skill level 1 in Summonings
   705 | D:3      | Reached skill level 1 in Necromancy
   705 | D:3      | Reached skill level 1 in Translocations
   705 | D:3      | Reached skill level 1 in Transmutations
   705 | D:3      | Reached skill level 1 in Fire Magic
   705 | D:3      | Reached skill level 1 in Ice Magic
   705 | D:3      | Reached skill level 1 in Air Magic
   705 | D:3      | Reached skill level 1 in Earth Magic
   705 | D:3      | Reached skill level 1 in Poison Magic
   705 | D:3      | Reached XP level 4. HP: 36/41 MP: 5/5
   724 | D:4      | Noticed an ogre
   790 | D:3      | Found a runed translucent gate.
   790 | D:3      | Found a runed translucent gate.
   790 | D:3      | Found a runed translucent gate.
   795 | D:3      | Noticed rozman's ghost (weakling DsHW)
  1021 | D:4      | Noticed an ogre
  1186 | D:3      | Learned a level 2 spell: Poisonous Vapours
  1194 | D:4      | Noticed Blork the orc
  1216 | D:3      | Reached XP level 5. HP: 31/47 MP: 5/7
  1222 | D:3      | Killed from afar by Blork the orc

Illustrated notes

Levels and vault maps discovered:
D:1:      psy_arrival_conway, layout_rooms, serial_forest,
          infiniplex_forest_clump_double, infiniplex_forest_lined_2,
          infiniplex_forest_lined_3, infiniplex_forest_lined_ring,
          infiniplex_forest_lined_corner
D:2:      layout_loops_ring, hellmonk_ecumenical_altar_arch_garden
D:3:      layout_loops_corners, gammafunk_ghost_necromancy, uniq_ijyb
D:4:      layout_cave_pools, chequers_serial_rivers_micro_c, minmay_rat_hole,
          uniq_blork_the_orc

Skill      XL: |  1  2  3 |
---------------+----------+-----
Invocations    | 1 |  1.7
Short Blades   | 1 |  1.5
Long Blades    | 1 |  1.5
Maces & Flails | 1 |  1.5
Polearms       | 1 |  1.5
Staves         | 1 |  1.5
Ranged Weapons | 1 |  1.5
Throwing       | 1 |  1.5
Armour         | 1 |  1.5
Stealth        | 1 |  1.5
Shields        | 1 |  1.5
Unarmed Combat | 1 |  1.5
Spellcasting   | 1 |  1.5
Evocations     | 1 |  1.5
Conjurations   | 1 |  1.2
Hexes          | 1 |  1.2
Summonings     | 1 |  1.2
Necromancy     | 1 |  1.2
Translocations | 1 |  1.2
Transmutations | 1 |  1.2
Fire Magic     | 1 |  1.2
Ice Magic      | 1 |  1.2
Air Magic      | 1 |  1.2
Earth Magic    | 1 |  1.2
Poison Magic   | 1 |  1.2
Fighting       | |  6.7
Axes           | |  6.7
Dodging        | |  6.7

Action                     |  1- 3 |  4- 6 || total
---------------------------+-------+-------++-------
  Melee: Hand axe          |   114 |    40 ||   154
         Bite              |    12 |     3 ||    15
   Cast: Poisonous Vapours |       |     2 ||     2
    Use: Potion            |     5 |     2 ||     7
         Scroll            |     2 |     2 ||     4
   Stab: Sleeping          |       |     1 ||     1
 Armour: Robe              |    13 |    13 ||    26
  Dodge: Dodged            |    56 |    72 ||   128
